3L
OAKLAND OAKS @ KINGSTON TOWNSHIP KNIGHTS
07/25/2034
 
TOP OF THE 1ST
Oakland Oaks batting - Pitching for Kingston Township Knights : RHP Victor de Meij
Pitching: RHP Victor de Meij
Batting: RHB Yehonatan Chazan 0-0: Foul Ball, location: 2F
0-1: Ball
1-1: Swinging Strike
1-2: Ball
2-2: Ball
3-2: Base on Balls
Batting: RHB Alfonso Nazario 0-0: Called Strike
0-1: Foul Ball, location: 2F
0-2: Ball
Yehonatan Chazan steals 2nd base
1-2: Strikes out looking
Batting: RHB Colin O'Connell 0-0: Called Strike
0-1: Foul Ball, location: 2F
0-2: Ball
1-2: Strikes out swinging
Batting: RHB Mike Wazowski 0-0: Ball
1-0: Ball
2-0: Foul Ball, location: 2F
2-1: Fly out, F7 (Line Drive, 7)
Top of the 1st over - 0 runs, 0 hits, 0 errors, 1 left on base; Oakland 0 - Kingston Township 0
BOTTOM OF THE 1ST
Kingston Township Knights batting - Pitching for Oakland Oaks : LHP Kevin Nogilny
Pitching: LHP Kevin Nogilny
Batting: LHB Ruben Yim 0-0: Called Strike
0-1: Bunted foul
0-2: Ball
1-2: SINGLE (Flyball, 9S)
Batting: RHB Júlio Rodríguez 0-0: Ball
1-0: Called Strike
1-1: Called Strike
1-2: Ball
2-2: Grounds into double play, 5-4-3 (Groundball, 56)
Batting: RHB Ron Bernard 0-0: Ball
1-0: Ball
2-0: Ball
3-0: Base on Balls
Batting: RHB EP Weston 0-0: Ball
1-0: Called Strike
1-1: Called Strike
1-2: Ball
2-2: Strikes out looking
Bottom of the 1st over - 0 runs, 1 hit, 0 errors, 1 left on base; Oakland 0 - Kingston Township 0
TOP OF THE 2ND
Oakland Oaks batting - Pitching for Kingston Township Knights : RHP Victor de Meij
Batting: RHB Esteban Vázquez 0-0: Called Strike
0-1: Swinging Strike
0-2: Ball
1-2: Foul Ball, location: 2F
1-2: Strikes out swinging
Batting: RHB Raúl Chávez 0-0: Called Strike
0-1: Ball
1-1: Fly out, F8 (Flyball, 8RXD)
Batting: RHB Cristián Coronado 0-0: Called Strike
0-1: Ball
1-1: Ball
2-1: Called Strike
2-2: Foul Ball, location: 2F
2-2: Strikes out swinging
Top of the 2nd over - 0 runs, 0 hits, 0 errors, 0 left on base; Oakland 0 - Kingston Township 0
BOTTOM OF THE 2ND
Kingston Township Knights batting - Pitching for Oakland Oaks : LHP Kevin Nogilny
Batting: RHB José Icaza 0-0: Called Strike
0-1: Ball
1-1: Ball
2-1: Called Strike
2-2: Ball
3-2: Strikes out looking
Batting: RHB Dani Trejo 0-0: Foul Ball, location: 2F
0-1: Called Strike
0-2: Strikes out swinging
Batting: LHB Ed Mellor 0-0: Foul Ball, location: 2F
0-1: Ground out 6-3 (Groundball, 6)
Bottom of the 2nd over - 0 runs, 0 hits, 0 errors, 0 left on base; Oakland 0 - Kingston Township 0
TOP OF THE 3RD
Oakland Oaks batting - Pitching for Kingston Township Knights : RHP Victor de Meij
Batting: RHB Joseph Papasogli 0-0: Foul Ball, location: 2F
0-1: Ball
1-1: Called Strike
1-2: Strikes out swinging
Batting: RHB Juan Alcocer 0-0: Called Strike
0-1: Swinging Strike
0-2: Ball
1-2: Ball
2-2: Ball
3-2: Foul Ball, location: 2F
3-2: Strikes out swinging
Batting: RHB Yehonatan Chazan 0-0: Ball
1-0: Called Strike
1-1: Fly out, F8 (Flyball, 78M)
Top of the 3rd over - 0 runs, 0 hits, 0 errors, 0 left on base; Oakland 0 - Kingston Township 0
BOTTOM OF THE 3RD
Kingston Township Knights batting - Pitching for Oakland Oaks : LHP Kevin Nogilny
Batting: LHB António González 0-0: Ball
1-0: Swinging Strike
1-1: Ball
2-1: Ball
3-1: Foul Ball, location: 2F
3-2: Foul Ball, location: 2F
3-2: Strikes out swinging
Batting: RHB Alejandro Serrato 0-0: Ball
1-0: Fly out, F7 (Flyball, 7)
Batting: LHB Ruben Yim 0-0: Called Strike
0-1: Ball
1-1: Called Strike
1-2: Strikes out swinging
Bottom of the 3rd over - 0 runs, 0 hits, 0 errors, 0 left on base; Oakland 0 - Kingston Township 0
TOP OF THE 4TH
Oakland Oaks batting - Pitching for Kingston Township Knights : RHP Victor de Meij
Batting: RHB Alfonso Nazario 0-0: Called Strike
0-1: SINGLE (Line Drive, 56D)
Batting: RHB Colin O'Connell 0-0: Ball
1-0: Ground out 5-3 (Groundball, 56S)
Alfonso Nazario to second
Batting: RHB Mike Wazowski 0-0: Ball
1-0: Swinging Strike
1-1: Foul Ball, location: 2F
1-2: Ball
2-2: Ground out 5-3 (Groundball, 56)
Batting: RHB Esteban Vázquez 0-0: Called Strike
0-1: Ball
1-1: Ball
2-1: Swinging Strike
2-2: Reached on error, E2 (Groundball, 2L)
Alfonso Nazario to third
Batting: RHB Raúl Chávez 0-0: Ball
1-0: Ground out 5-3 (Groundball, 56S)
Top of the 4th over - 0 runs, 1 hit, 1 error, 2 left on base; Oakland 0 - Kingston Township 0
BOTTOM OF THE 4TH
Kingston Township Knights batting - Pitching for Oakland Oaks : LHP Kevin Nogilny
Batting: RHB Júlio Rodríguez 0-0: Ball
1-0: Ball
2-0: Called Strike
2-1: Foul Ball, location: 2F
2-2: Fly out, F6 (Line Drive, 6)
Batting: RHB Ron Bernard 0-0: Called Strike
0-1: Called Strike
0-2: Ball
1-2: Ball
2-2: Fly out, F8 (Flyball, 8LS)
Batting: RHB EP Weston 0-0: Ball
1-0: Foul Ball, location: 2F
1-1: Ball
2-1: Foul Ball, location: 2F
2-2: DOUBLE (Groundball, 5L)
Batting: RHB José Icaza 0-0: Called Strike
0-1: Ball
1-1: Ball
2-1: Swinging Strike
2-2: Ball
3-2: Fly out, F5 (Line Drive, 56S)
Bottom of the 4th over - 0 runs, 1 hit, 0 errors, 1 left on base; Oakland 0 - Kingston Township 0
TOP OF THE 5TH
Oakland Oaks batting - Pitching for Kingston Township Knights : RHP Victor de Meij
Batting: RHB Cristián Coronado 0-0: Foul Ball, location: 2F
0-1: Fly out, F8 (Flyball, 89M)
Batting: RHB Joseph Papasogli 0-0: Swinging Strike
0-1: Ground out 4-3 (Groundball, 4)
Batting: RHB Juan Alcocer 0-0: Foul Ball, location: 2F
0-1: Ball
1-1: Ball
2-1: Foul Ball, location: 2F
2-2: Strikes out swinging
Top of the 5th over - 0 runs, 0 hits, 0 errors, 0 left on base; Oakland 0 - Kingston Township 0
BOTTOM OF THE 5TH
Kingston Township Knights batting - Pitching for Oakland Oaks : LHP Kevin Nogilny
Batting: RHB Dani Trejo 0-0: Swinging Strike
0-1: Ball
1-1: Ball
2-1: Foul Ball, location: 2F
2-2: Strikes out swinging
Batting: LHB Ed Mellor 0-0: Ball
1-0: Called Strike
1-1: Ground out 1-3 (Groundball, 13S)
Batting: LHB António González 0-0: Swinging Strike
0-1: Fly out, F9 (Flyball, 89M)
Bottom of the 5th over - 0 runs, 0 hits, 0 errors, 0 left on base; Oakland 0 - Kingston Township 0
TOP OF THE 6TH
Oakland Oaks batting - Pitching for Kingston Township Knights : RHP Victor de Meij
Batting: RHB Yehonatan Chazan 0-0: Ground out 6-3 (Groundball, 6)
Batting: RHB Alfonso Nazario 0-0: Ball
1-0: Ball
2-0: Foul Ball, location: 2F
2-1: Fly out, F8 (Flyball, 8RXD)
Batting: RHB Colin O'Connell 0-0: Ball
1-0: Foul Ball, location: 2F
1-1: Called Strike
1-2: Ground out 6-3 (Groundball, 6S)
Top of the 6th over - 0 runs, 0 hits, 0 errors, 0 left on base; Oakland 0 - Kingston Township 0
BOTTOM OF THE 6TH
Kingston Township Knights batting - Pitching for Oakland Oaks : LHP Kevin Nogilny
Batting: RHB Alejandro Serrato 0-0: Fly out, F8 (Flyball, 8LXD)
Batting: LHB Ruben Yim 0-0: Ball
1-0: Ball
2-0: Ball
3-0: Called Strike
3-1: Ground out 4-3 (Groundball, 4M)
Batting: RHB Júlio Rodríguez 0-0: Ball
1-0: Ground out U3 (Groundball, 34)
Bottom of the 6th over - 0 runs, 0 hits, 0 errors, 0 left on base; Oakland 0 - Kingston Township 0
TOP OF THE 7TH
Oakland Oaks batting - Pitching for Kingston Township Knights : RHP Victor de Meij
Batting: RHB Mike Wazowski 0-0: Foul Ball, location: 2F
0-1: Ground out 6-3 (Groundball, 56)
Batting: RHB Esteban Vázquez 0-0: Ball
1-0: Called Strike
1-1: Ball
2-1: Foul Ball, location: 2F
2-2: Foul Ball, location: 2F
2-2: Foul Ball, location: 2F
2-2: Ground out 1-3 (Groundball, 13S)
Batting: RHB Raúl Chávez 0-0: Ball
1-0: Swinging Strike
1-1: Ball
2-1: Foul Ball, location: 2F
2-2: SINGLE (Groundball, 3) (infield hit)
Pinch Hitting: LHB Tim O'Neal 0-0: Ball
1-0: Called Strike
1-1: Swinging Strike
1-2: Ball
2-2: Ground out 4-3 (Groundball, 34)
Top of the 7th over - 0 runs, 1 hit, 0 errors, 1 left on base; Oakland 0 - Kingston Township 0
BOTTOM OF THE 7TH
Kingston Township Knights batting - Pitching for Oakland Oaks : LHP Kevin Nogilny
Now at SS: Luis Luquín
Batting: RHB Ron Bernard 0-0: Ball
1-0: Ball
2-0: Ball
3-0: Called Strike
3-1: Called Strike
3-2: Base on Balls
Batting: RHB EP Weston 0-0: Called Strike
Ron Bernard steals 2nd base
0-1: Called Strike
0-2: Ball
1-2: Strikes out swinging
Batting: RHB José Icaza 0-0: SINGLE (Groundball, 6MD)
Ron Bernard to third
Runner from 3rd tries for Home, SAFE, no throw
Batting: RHB Dani Trejo 0-0: Called Strike
0-1: Ball
1-1: Foul Ball, location: 2F
1-2: Foul Ball, location: 2F
1-2: Strikes out looking
Pitching: RHP Yue-rong Chen
Batting: LHB Ed Mellor 0-0: Called Strike
0-1: Ball
1-1: Swinging Strike
1-2: Foul Ball, location: 2F
1-2: Ball
2-2: Ground out 4-3 (Groundball, 4D)
Bottom of the 7th over - 1 run, 1 hit, 0 errors, 1 left on base; Oakland 0 - Kingston Township 1
TOP OF THE 8TH
Oakland Oaks batting - Pitching for Kingston Township Knights : RHP Victor de Meij
Batting: RHB Joseph Papasogli 0-0: SINGLE (Line Drive, 5)
Pitching: RHP Anthony Ledesma
Batting: RHB Juan Alcocer 0-0: Bunted foul
0-1: Sac Bunt - play at first, batter OUT! 1-4
Joseph Papasogli to second
Batting: RHB Yehonatan Chazan 0-0: Ball
1-0: Foul Ball, location: 2F
1-1: TRIPLE (Line Drive, 78XD)
Joseph Papasogli scores
Batting: RHB Alfonso Nazario 0-0: Ball
1-0: Called Strike
1-1: Ball
2-1: Ball
3-1: Ground out 6-3 (Groundball, 6M)
Batting: RHB Colin O'Connell 0-0: Fly out, F8 (Flyball, 8LM)
Top of the 8th over - 1 run, 2 hits, 0 errors, 1 left on base; Oakland 1 - Kingston Township 1
BOTTOM OF THE 8TH
Kingston Township Knights batting - Pitching for Oakland Oaks : RHP Yue-rong Chen
Batting: LHB António González 0-0: Called Strike
0-1: Ball
1-1: Ball
2-1: Ball
3-1: Base on Balls
Pinch Runner at 1st Alfredo Cardenas:
Batting: RHB Alejandro Serrato 0-0: Ball
1-0: Ball
2-0: Sac Bunt - play at first, batter OUT! 2-3
Alfredo Cardenas to second
Batting: LHB Ruben Yim 0-0: Ball
Alfredo Cardenas steals 3rd base
1-0: Ball
2-0: Reached on error, E3 (Groundball, 34S)
Alfredo Cardenas scores
Batting: RHB Júlio Rodríguez 0-0: Ball
1-0: Ball
2-0: Fly out, F4 (Popup, 4M)
Batting: RHB Ron Bernard 0-0: Ball
1-0: Foul Ball, location: 2F
1-1: Ball
2-1: Ball
3-1: Base on Balls
Ruben Yim to second
Batting: RHB EP Weston 0-0: Called Strike
0-1: Ball
1-1: Foul Ball, location: 2F
1-2: Strikes out swinging
Bottom of the 8th over - 1 run, 0 hits, 1 error, 2 left on base; Oakland 1 - Kingston Township 2
TOP OF THE 9TH
Oakland Oaks batting - Pitching for Kingston Township Knights : RHP Anthony Ledesma
Pitching: RHP John Riggleman
Now at 2B: Alfredo Cardenas
Batting: RHB Mike Wazowski 0-0: Ball
1-0: Swinging Strike
1-1: Ball
2-1: Swinging Strike
2-2: Strikes out looking
Batting: RHB Esteban Vázquez 0-0: Ball
1-0: Ball
2-0: Called Strike
2-1: Ball
3-1: Foul Ball, location: 2F
3-2: Base on Balls
Batting: RHB Raúl Chávez 0-0: Ball
1-0: Ball
Wild Pitch!
Esteban Vázquez to second
2-0: Called Strike
2-1: Called Strike
2-2: SINGLE (Groundball, 6MD)
Esteban Vázquez to third
Runner from 3rd tries for Home, SAFE, no throw
Batting: SHB Luis Luquín 0-0: Called Strike
0-1: Ball
1-1: Grounds into double play, 5-4-3 (Groundball, 56)
Top of the 9th over - 1 run, 1 hit, 0 errors, 0 left on base; Oakland 2 - Kingston Township 2
BOTTOM OF THE 9TH
Kingston Township Knights batting - Pitching for Oakland Oaks : RHP Yue-rong Chen
Batting: RHB José Icaza 0-0: Called Strike
0-1: Called Strike
0-2: Ball
1-2: Ball
2-2: Strikes out looking
Batting: RHB Dani Trejo 0-0: Fly out, F7 (Flyball, 7D)
Batting: LHB Ed Mellor 0-0: Called Strike
0-1: Foul Ball, location: 2F
0-2: Hit by Pitch
Batting: RHB Alfredo Cardenas 0-0: Called Strike
0-1: Ball
1-1: Ball
2-1: Foul Ball, location: 2F
2-2: Strikes out swinging
Bottom of the 9th over - 0 runs, 0 hits, 0 errors, 1 left on base; Oakland 2 - Kingston Township 2
TOP OF THE 10TH
Oakland Oaks batting - Pitching for Kingston Township Knights : RHP John Riggleman
Batting: RHB Joseph Papasogli 0-0: SINGLE (Line Drive, 78S)
Batting: RHB Juan Alcocer 0-0: Bunted foul
0-1: Ball
1-1: Ball
2-1: Bunted foul
2-2: Strikes out looking
Pitching: LHP Il-young Kim
Batting: RHB Yehonatan Chazan 0-0: Ball
1-0: Foul Ball, location: 2F
1-1: Called Strike
1-2: Strikes out swinging
Batting: RHB Alfonso Nazario 0-0: Called Strike
0-1: Ball
1-1: Foul Ball, location: 2F
1-2: Ball
Pickoff Throw to First - Error! E1
Joseph Papasogli to second
2-2: Ball
3-2: TRIPLE (Flyball, 8RXD)
Joseph Papasogli scores
Batting: RHB Colin O'Connell 0-0: Ball
1-0: Fly out, F8 (Flyball, 8RM)
Top of the 10th over - 1 run, 2 hits, 1 error, 1 left on base; Oakland 3 - Kingston Township 2
BOTTOM OF THE 10TH
Kingston Township Knights batting - Pitching for Oakland Oaks : RHP Yue-rong Chen
Pitching: RHP Júlio Rodríguez
Pinch Hitting: LHB Gustavo Cortéz 0-0: Called Strike
0-1: Foul Ball, location: 2F
0-2: Foul Ball, location: 2F
0-2: Strikes out looking
Batting: LHB Ruben Yim 0-0: Called Strike
0-1: Swinging Strike
0-2: Strikes out swinging
Batting: RHB Júlio Rodríguez 0-0: Ball
1-0: Called Strike
1-1: Foul Ball, location: 2F
1-2: Ground out 5-3 (Groundball, 56)
Bottom of the 10th over - 0 runs, 0 hits, 0 errors, 0 left on base; Oakland 3 - Kingston Township 2
Friday, March 29th, 2019 - OOTP Baseball 18.8 Build 76